 Dungeon Crawl Stone Soup version 0.18.1-48-g4cf74bf (webtiles) character file.

68 tyranidshit the Skirmisher (level 4, -3/41 HPs)
             Began as a Demonspawn Abyssal Knight on Sept 8, 2016.
             Was a Believer of Lugonu.
             Slain by a crimson imp (4 damage)
             ... summoned by Natasha
             ... on level 3 of the Dungeon.
             The game lasted 00:03:00 (1452 turns).

tyranidshit the Skirmisher (DsAK)                   Turns: 1452, Time: 00:03:00

Health: -3/41      AC:  7    Str: 14    XL:     4   Next: 1%
Magic:  5/5        EV: 10    Int: 13    God:    Lugonu [**....]
Gold:   111        SH:  0    Dex: 12    Spells: 0 memorised, 3 levels left

rFire  + . .     SeeInvis .     a - +1 hand axe
rCold  . . .     Gourm    .     p - +0 ring mail
rNeg   . . .     Faith    .     (no shield)
rPois  .         Spirit   .     (helmet restricted)
rElec  .         Dismiss  .     (no cloak)
rCorr  .         Reflect  .     b - +1 pair of gloves
SustAt .         Harm     .     (no boots)
MR     .....     Clarity  +     (no amulet)
Stlth  +.........               (no ring)
                                (no ring)

@: about to teleport, not resistant to hostile enchantments, very unstealthy
A: horns 1, clarity, deterioration 1, fire resistance 1, robust 1
a: Depart the Abyss, Bend Space, Renounce Religion


You were on level 3 of the Dungeon.
You worshipped Lugonu.
Lugonu was pleased with you.
You were not hungry.

You visited 1 branch of the dungeon, and saw 3 of its levels.
You visited the Abyss 1 time.

You collected 111 gold pieces.

Inventory:

Hand Weapons
 a - a +1 hand axe (weapon)
Armour
 b - a +1 pair of gloves (worn)
 p - a +0 ring mail (worn)
Scrolls
 i - 4 scrolls of identify
 m - a scroll of immolation
 n - 2 scrolls of random uselessness
Potions
 e - a potion of magic
Comestibles
 f - 2 slices of pizza
 j - a beef jerky


   Skills:
 + Level 4.9 Fighting
 - Level 1.7 Axes
 - Level 1.7 Armour
 - Level 0.8 Dodging
 - Level 2.4 Invocations


You had 3 spell levels left.
You didn't know any spells.

Dungeon Overview and Level Annotations

Branches:
Dungeon (3/15)

Altars:

Annotations:
D:3 Natasha


Innate Abilities, Weirdness & Mutations

You have a pair of small horns on your head.
Your flesh is heat resistant.
You possess an exceptional clarity of mind.
Your body sometimes deteriorates upon taking damage.
You are robust (+10% HP).


Message History

Natasha is almost dead.
You hit the crimson imp but do no damage.
You closely miss the crimson imp.
The crimson imp is lightly wounded.
The crimson imp hits you.
* * * LOW HITPOINT WARNING * * *
Natasha claws you.
* * * LOW HITPOINT WARNING * * *
The crimson imp hits you.
* * * LOW HITPOINT WARNING * * *
You are too injured to fight recklessly!
Unknown command.
Drink which item? (? for menu, Esc to quit)
Okay, then.
Read which item? (? for menu, Esc to quit)
As you read the scroll of teleportation, it crumbles to dust.
You feel strangely unstable.
The crimson imp hits you but does no damage.
The crimson imp hits you.
You die...

##...#...##.....###..
##########.........#
###.#.##.. #.†#.# .
#.##.# #.# ##.# #5.#
#@## #h5g.....
5wo...... ..........
....(......
............
.............
..............


You could see a worm, Natasha, 3 crimson imps, an orc and a goblin.

Vanquished Creatures
  Natasha (D:3)
  3 dart slugs
  3 giant geckos (D:1)
  7 bats
  3 giant cockroaches (D:1)
  A goblin (D:1)
  4 hobgoblins
  2 quokkas (D:2)
  4 giant newts (D:2)
  8 rats
36 creatures vanquished.

Notes
Turn   | Place    | Note
--------------------------------------------------------------
     0 | Abyss:1  | tyranidshit the Demonspawn Abyssal Knight began the quest for the Orb.
     0 | Abyss:1  | Reached XP level 1. HP: 18/18 MP: 2/2
     6 | Abyss:1  | Found an oddly glowing altar of Pakellas.
    43 | Abyss:1  | Noticed a small abomination
    59 | D:1      | Escaped the Abyss
   166 | D:1      | Reached * piety under Lugonu
   170 | D:1      | Gained mutation: Your flesh is heat resistant. [demonic ancestry]
   170 | D:1      | Reached XP level 2. HP: 12/24 MP: 3/3
   384 | D:1      | Reached skill level 4 in Fighting
   666 | D:2      | Gained mutation: You have a pair of small horns on your head. [demonic ancestry]
   666 | D:2      | Reached XP level 3. HP: 29/30 MP: 4/4
   786 | D:2      | Gained mutation: You possess an exceptional clarity of mind. [potion of mutation]
   786 | D:2      | Gained mutation: Your body sometimes deteriorates upon taking damage. [potion of mutation]
   786 | D:2      | Gained mutation: You are robust (+10% HP). [potion of mutation]
  1429 | D:3      | Noticed Natasha
  1434 | D:3      | Killed Natasha
  1434 | D:3      | Reached ** piety under Lugonu
  1434 | D:3      | Reached XP level 4. HP: 31/41 MP: 5/5
  1438 | D:3      | Noticed Natasha
  1451 | D:3      | HP: 1/41 [crimson imp[Natasha] (4)]
  1452 | D:3      | Slain by a crimson imp

Skill      XL: |  1  2 |
---------------+-------+-----
Fighting       | 4 |  4.9
Axes           | |  1.7
Armour         | |  1.7
Dodging        | |  0.8
Invocations    | |  2.4

Action                   |  1- 3 |  4- 6 || total
-------------------------+-------+-------++-------
Melee: Hand axe          |    95 |    11 ||   106
       Headbutt          |     1 |     3 ||     4
Invok: Depart the Abyss  |     1 |       ||     1
  Use: Potion            |     6 |       ||     6
       Scroll            |     5 |     1 ||     6
 Stab: Sleeping          |     1 |       ||     1
  Eat: Bread ration      |     1 |       ||     1
Armor: Leather armour    |    27 |       ||    27
       Ring mail         |    14 |     9 ||    23
Dodge: Dodged            |    53 |     6 ||    59
